 Dungeon Crawl Stone Soup version 0.27.1-33-g824d729ab1 (webtiles) character file.

Game seed: 11653901720068903827

9 jiml777 the Gusty (level 2, -2/15 HPs)
             Began as a Gargoyle Air Elementalist on Nov 25, 2021.
             Slain by a gnoll (3 damage)
             ... on level 1 of the Dungeon.
             The game lasted 00:07:42 (340 turns).

jiml777 the Gusty (Gargoyle Air Elementalist)        Turns: 340, Time: 00:07:43

Health: -2/15      AC:  4    Str: 11    XL:     2   Next: 16%
Magic:  0/5        EV: 12    Int: 15    God:
Gold:   12         SH:  0    Dex: 10    Spells: 4/5 levels left

rFire    . . .     SeeInvis .   f - +0 club
rCold    . . .     Faith    .   (no shield)
rNeg     + . .     Spirit   .   a - +0 robe
rPois    ∞         Reflect  .   (no helmet)
rElec    +         Harm     .   (no cloak)
rCorr    .         Rampage  .   (no gloves)
Will     .....                  (no boots)
Stlth    ++........             (no amulet)
HPRegen  0.05/turn              g - ring of flight
MPRegen  0.09/turn              (no ring)

@: flying
A: sickness immunity, AC +2, negative energy resistance 1, electricity
resistance, torment resistance 1, petrification resistance
a: no special abilities


You were on level 1 of the Dungeon.
You visited 1 branch of the dungeon, and saw 1 of its levels.

You collected 12 gold pieces.

Inventory:

Hand Weapons
 f - a +0 club (weapon)
Missiles
 c - 6 boomerangs (quivered)
Armour
 a - a +0 robe (worn)
Jewellery
 g - a ring of flight (left hand)
Scrolls
 d - a scroll of identify {unknown}
 e - a scroll of teleportation {unknown}


   Skills:
 + Level 0.2 Throwing
 + Level 1.9 Dodging
 + Level 2.1 Stealth
 + Level 2.2 Spellcasting
 + Level 1.1 Conjurations
 + Level 2.5 Air Magic


You had 4 spell levels left.
You knew the following spells:

 Your Spells              Type           Power      Damage    Failure   Level
a - Shock                 Conj/Air       28%        1d4       11%         1

Your spell library contained the following spells:

 Spells                   Type           Power      Damage    Failure   Level
 Static Discharge         Conj/Air       7%         N/A       16%         2
 Swiftness                Air            9%         N/A       24%         3
 Airstrike                Air            4%         N/A       61%         4


Dungeon Overview and Level Annotations

Branches:
Dungeon (1/15)

Altars:


Innate Abilities, Weirdness & Mutations

You are immune to sickness and miasma.
Your stone body is resilient. (AC +2)
You are immune to poison.
You resist negative energy. (rN+)
You are resistant to electric shocks. (rElec)
You are resistant to unholy torment.
You are immune to petrification.


Message History

The zap hits the gnoll.
The gnoll is moderately wounded.
The zap hits the gnoll.
The gnoll is heavily wounded.
You feel a bit more experienced. The gnoll hits you with a +0 club.
An endoplasm comes into view.
Found 22 arrows.
Your magical contamination has completely faded away.
Press: ? - help, v - describe, . - travel A rock wall.
Casting: Shock (safe; 11% risk of failure)
Confirm with . or Enter, or press ? or * to list all spells.
Aiming: Shock (safe; 11% risk of failure)
Press: ? - help, Shift-Dir - straight line The zap hits the gnoll.
The gnoll is severely wounded.
The zap hits the gnoll but does no damage.
The gnoll is severely wounded.
The gnoll hits you with a +0 club.
You hit the gnoll but do no damage.
The gnoll is severely wounded.
The gnoll hits you with a +0 club.
* * * LOW HITPOINT WARNING * * *
The gnoll hits you with a +0 club.
* * * LOW HITPOINT WARNING * * *
Found 22 poisoned darts.
A dart slug comes into view.
Casting: Shock (safe; 11% risk of failure)
Confirm with . or Enter, or press ? or * to list all spells.
Aiming: Shock (safe; 11% risk of failure)
Press: ? - help, Shift-Dir - straight line The zap hits the gnoll but does no damage.
The gnoll is severely wounded.
The zap hits the gnoll.
The gnoll is almost dead.
You aren't carrying any potions.
As you read the scroll labelled FUSHAA BUTO, it crumbles to dust.
You hear a loud clanging noise!
It was a scroll of noise.
The gnoll hits you with a +0 club.
You die...

w#########
....(..@.#
########g#
#J##
#.#.##
#.###.##
#.# ##.##
... #.#
##.# #.#
#. ##.##
#.# # #.J#
#.#


You could see a gnoll, a dart slug and an endoplasm.

Vanquished Creatures
  2 bats (D:1)
  3 goblins (D:1)
  A hobgoblin (D:1)
  2 frilled lizards (D:1)
8 creatures vanquished.

Notes
Turn   | Place    | Note
-------+----------+-------------------------------------------
     0 | D:1      | jiml777 the Gargoyle Air Elementalist began the quest for
                  | the Orb.
     0 | D:1      | Reached XP level 1. HP: 10/10 MP: 3/3
   213 | D:1      | Reached XP level 2. HP: 11/15 MP: 1/5
   340 | D:1      | Slain by a gnoll

Illustrated notes

Levels and vault maps discovered:
D:1:      dpeg_arrival_yet_another_circle, layout_loops_ring

Action                   || total
-------------------------++-------
Melee: Club              ||     4
Throw: Boomerang         ||     4
 Cast: Shock             ||    14
  Use: Scroll            ||     1
Armor: Robe              ||    17
Dodge: Dodged            ||    23
